[Event "Team 45 45 League T63"]
[Site "Internet Chess Club"]
[Date "2015.01.13"]
[Round "6"]
[White "PuzzleMaster"]
[Black "MrShaw"]
[Result "1-0"]
[WhiteElo "1929"]
[BlackElo "1829"]
[Opening "King's Indian: orthodox, Aronin-Taimanov, 9.Ne1"]
[ECO "E98"]
[Time "14:18:10"]
[TimeControl "2700+45"]

1. d4 Nf6 2. c4 g6 3. Nc3 Bg7 4. e4 d6 5. Nf3 O-O 6. Be2 e5 7. O-O Nc6 8. d5 Ne7
9. Ne1 Ne8 10. Be3 f5 11. f3 f4 12. Bf2 g5 13. Rc1 h5 14. c5 Nf6 15. cxd6 cxd6
16. Nb5 a6 17. Nc7 {Black resigns} 1-0

[Event "Team 45 45 League T63"]
[Site "Internet Chess Club"]
[Date "2015.01.11"]
[Round "6"]
[White "Philly-Boy"]
[Black "smyslovVchess"]
[Result "1-0"]
[WhiteElo "1775"]
[BlackElo "1704"]
[Opening "Nimzo-Indian: Leningrad variation"]
[ECO "E30"]
[Time "16:02:41"]
[TimeControl "2700+45"]

1. d4 Nf6 2. c4 e6 3. Nc3 Bb4 4. Bg5 h6 5. Bh4 g5 6. Bg3 d6 7. f3 Nbd7 8. e3 b6
9. Bd3 Bb7 10. Ne2 a6 11. a3 Bxc3+ 12. Nxc3 Qe7 13. Qc2 Rc8 14. O-O-O c6 15. e4
d5 16. e5 Nh5 17. Kb1 c5 18. cxd5 cxd4 19. d6 Qd8 20. Be4 dxc3 21. Bxb7 Rc5 22.
b4 {Black resigns} 1-0

[Event "Team 45 45 League T63"]
[Site "Internet Chess Club"]
[Date "2015.01.11"]
[Round "6"]
[White "mongmong"]
[Black "latayvia"]
[Result "0-1"]
[WhiteElo "1553"]
[BlackElo "1747"]
[Opening "Old Benoni defense"]
[ECO "A46"]
[Time "10:13:31"]
[TimeControl "2700+45"]

1. d4 Nf6 2. Nf3 c5 3. d5 b5 4. Bg5 Ne4 5. Bh4 Bb7 6. a4 Qa5+ 7. Nbd2 bxa4 8. c3
Nxd2 9. Nxd2 Bxd5 10. Rxa4 Qc7 11. Bg3 d6 12. e3 Bc6 13. Ra3 g6 14. Nf3 Bg7 15.
Be2 O-O 16. O-O Nd7 17. Qd2 Nf6 18. Rfa1 Ne4 19. Qc1 Nxg3 20. hxg3 a5 21. Nd2
Ra7 22. Bf3 Bxf3 23. Nxf3 Qb6 24. R1a2 d5 25. Qc2 e6 26. Qa4 Rfa8 27. Rb3 Qc7
28. Rb5 Rb7 29. Rxb7 Qxb7 30. b4 Bxc3 31. bxc5 Qb4 32. Qxb4 Bxb4 33. c6 Rc8 34.
Rc2 a4 35. Nd4 a3 36. Nb5 Ra8 37. Ra2 Kf8 38. c7 Ke8 39. Nxa3 Kd7 40. c8=Q+ Kxc8
41. Rc2+ Kd7 42. Nb5 Ra1+ 43. Kh2 Bd6 44. Nd4 Rb1 45. Ne2 h5 46. Nf4 Rf1 47. f3
Rb1 48. Ne2 h4 49. f4 hxg3+ 50. Kxg3 g5 51. Kf2 gxf4 52. exf4 Rb4 53. g3 Rc4 54.
Rd2 Kc6 55. Nd4+ Rxd4 56. Rxd4 Bc5 57. Ke3 f6 58. Kd3 Bxd4 59. Kxd4 f5 {White
resigns} 0-1

[Event "Team 45 45 League T63"]
[Site "Internet Chess Club"]
[Date "2015.01.11"]
[Round "6"]
[White "LittleButton"]
[Black "DouDou"]
[Result "1-0"]
[WhiteElo "1864"]
[BlackElo "1667"]
[Opening "King's Indian: Torre attack"]
[ECO "A48"]
[Time "15:30:27"]
[TimeControl "2700+45"]

1. d4 Nf6 2. Nf3 g6 3. Bg5 Bg7 4. c3 d5 5. Nbd2 O-O 6. e3 Nbd7 7. Be2 Re8 8. O-O
e5 9. Rc1 h6 10. Bh4 c6 11. Bg3 Nh5 12. Bxe5 Nxe5 13. Nxe5 Bxe5 14. dxe5 Rxe5
15. f4 Rxe3 16. Bxh5 gxh5 17. Qxh5 Qb6 18. Kh1 Qxb2 19. Nf3 Re6 20. Nd4 Rg6 21.
Rc2 Qb6 22. Re2 Bg4 23. Qe5 Bxe2 24. Qxe2 c5 25. f5 Rg7 26. Nf3 f6 27. Qd2 Kh7
28. Qxd5 Rd8 29. Qc4 Qb2 30. Nh4 Rd2 31. Rg1 Qxa2 32. Qxc5 b6 33. Qf8 Qf7 34.
Qb4 Qd5 35. Ng6 Qxf5 36. Nh4 Qg4 37. Qb1+ Kh8 38. Qc1 Qe2 39. Re1 Qd3 40. c4 Rg4
41. Nf3 Rdxg2 42. Qxh6+ Qh7 43. Qxf6+ Qg7 44. Re8+ Kh7 45. Qf5+ Qg6 46. Re7+ Kh6
47. Qf8+ Kh5 48. Qh8+ Qh6 49. Rh7 {Black resigns} 1-0

[Event "Team 45 45 League T63"]
[Site "Internet Chess Club"]
[Date "2015.01.11"]
[Round "6"]
[White "LiangLiang"]
[Black "fishhead"]
[Result "0-1"]
[WhiteElo "1781"]
[BlackElo "1900"]
[Opening "Sicilian: Najdorf, 7...Be7 main line"]
[ECO "B99"]
[Time "13:02:00"]
[TimeControl "2700+45"]

1. e4 c5 2. Nf3 d6 3. d4 cxd4 4. Nxd4 Nf6 5. Nc3 a6 6. Bg5 e6 7. f4 Be7 8. Qf3
Qc7 9. O-O-O Nbd7 10. g4 h6 11. Bxf6 Bxf6 12. h4 b5 13. Ndxb5 axb5 14. Nxb5 Qc6
15. Nxd6+ Kf8 16. Bb5 Qb6 17. Kb1 Be7 18. Nxc8 Qxb5 19. Nxe7 Kxe7 20. Qd3 Qxd3
21. cxd3 Nc5 22. Rhe1 Rhb8 23. Rd2 Rb4 24. Rc1 Na4 25. a3 Rb3 26. Ka2 Rab8 27.
Rc7+ Kf6 28. e5+ Kg6 29. h5+ Kh7 30. Rcc2 Kg8 31. Rc8+ Rxc8 32. Kxb3 Nb6 33. Rc2
Rb8 34. Rf2 Kf8 35. Kc3 Na4+ 36. Kd4 Nxb2 37. Rc2 Rd8+ 38. Kc3 Nd1+ 39. Kd2 Nf2
40. Ke3 Nxg4+ 41. Kf3 f5 {White resigns} 0-1

[Event "Team 45 45 League T63"]
[Site "Internet Chess Club"]
[Date "2015.01.09"]
[Round "6"]
[White "justice02"]
[Black "hood"]
[Result "0-1"]
[WhiteElo "1680"]
[BlackElo "1964"]
[Opening "Ruy Lopez: 5.O-O"]
[ECO "C78"]
[Time "22:09:31"]
[TimeControl "2700+45"]

1. e4 e5 2. Nf3 Nc6 3. Bb5 a6 4. Ba4 Nf6 5. O-O b5 6. Bb3 Bc5 7. c3 d6 8. d4 Bb6
9. dxe5 Nxe5 10. Nxe5 dxe5 11. Qxd8+ Kxd8 12. Bxf7 Bb7 13. Bg5 Ke7 14. Bb3 h6
15. Bxf6+ Kxf6 16. Nd2 Rad8 17. Rad1 Rd6 18. a4 Rhd8 19. axb5 Rxd2 20. Bd5 Rxd1
21. Rxd1 axb5 22. Rd3 Bxd5 23. exd5 e4 24. Rd1 Ke5 25. Kf1 Rxd5 26. Rxd5+ Kxd5
27. b3 c5 28. Ke2 b4 {White resigns} 0-1

[Event "Team 45 45 League T63"]
[Site "Internet Chess Club"]
[Date "2015.01.10"]
[Round "6"]
[White "joebobpop"]
[Black "CaptK"]
[Result "1-0"]
[WhiteElo "1917"]
[BlackElo "1717"]
[Opening "French: Tarrasch, closed variation"]
[ECO "C05"]
[Time "17:06:58"]
[TimeControl "2700+45"]

1. e4 e6 2. d4 d5 3. Nd2 Nf6 4. e5 Nfd7 5. Bd3 c5 6. c3 Nc6 7. Ne2 Qb6 8. Nf3
cxd4 9. cxd4 Be7 10. O-O f6 11. exf6 Nxf6 12. a3 O-O 13. b4 a6 14. Bg5 Bd6 15.
Qc2 h6 16. Bh4 Ng4 17. h3 Nf6 18. Bg6 e5 19. dxe5 Nxe5 20. Nxe5 Bxe5 21. Rad1
Be6 22. Bg3 Rac8 23. Qd3 Bxg3 24. Qxg3 Bf7 25. Bxf7+ Rxf7 26. Nf4 Rd8 27. Qb3
Rfd7 28. Rd3 Qc6 29. Ng6 Ne4 30. Ne5 {Black resigns} 1-0

[Event "Team 45 45 League T63"]
[Site "Internet Chess Club"]
[Date "2015.01.11"]
[Round "6"]
[White "Jack-ONeill"]
[Black "infiniteshug"]
[Result "0-1"]
[WhiteElo "2081"]
[BlackElo "2237"]
[Opening "Caro-Kann: two knights, 3...Bg4"]
[ECO "B11"]
[Time "10:31:50"]
[TimeControl "2700+45"]

1. e4 c6 2. Nc3 d5 3. Nf3 Bg4 4. h3 Bxf3 5. Qxf3 e6 6. d3 Nd7 7. g3 d4 8. Nb1
Bd6 9. Bg2 Ngf6 10. Nd2 O-O 11. O-O b5 12. Qe2 e5 13. f4 Ne8 14. f5 f6 15. h4 c5
16. Nf3 Rc8 17. g4 c4 18. g5 cxd3 19. cxd3 Qa5 20. g6 Qa6 21. Nh2 Nc5 22. Qh5 h6
23. Bxh6 gxh6 24. Ng4 Qb7 25. Nxh6+ Kg7 26. Nf7 Rxf7 27. Qh7+ Kf8 28. Qh8+ Ke7
29. gxf7 Nc7 30. Qg7 Rf8 31. Rf3 Rxf7 32. Qh6 N7a6 33. Rg3 Qc8 34. Kh1 Nb4 35.
Bf1 Qa8 36. Be2 Nbxd3 37. Rag1 Qxe4+ 38. Bf3 Qxf5 39. Bd5 e4 40. Bxf7 Nf2+ 41.
Kg2 Bxg3 42. Kxg3 {White resigns} 0-1

[Event "Team 45 45 League T63"]
[Site "Internet Chess Club"]
[Date "2015.01.11"]
[Round "6"]
[White "junard"]
[Black "Ptzz"]
[Result "1/2-1/2"]
[WhiteElo "2042"]
[BlackElo "2097"]
[Opening "Trompowsky attack (Ruth, Opocenský opening)"]
[ECO "A45"]
[Time "05:00:44"]
[TimeControl "2700+45"]

1. d4 Nf6 2. Bg5 c5 3. d5 Ne4 4. Bf4 Qb6 5. Nd2 Qxb2 6. Nxe4 Qb4+ 7. c3 Qxe4 8.
e3 g5 9. f3 Qf5 10. Bg3 Bg7 11. Rc1 O-O 12. Bd3 Qf6 13. h4 h6 14. hxg5 Qxg5 15.
Kf2 e6 16. e4 exd5 17. exd5 Re8 18. Ne2 d6 19. Bxd6 Nd7 20. Bg3 Qe3+ 21. Kf1 Ne5
22. Bb5 Bd7 23. Bf4 Qxc1 24. Nxc1 Bxb5+ 25. Kg1 Ng6 26. Bd2 Re5 27. Qb3 Ba6 28.
c4 Rae8 29. Qc2 b5 30. cxb5 Bxb5 31. Qxc5 a6 32. Bc3 Rg5 33. Bxg7 Re1+ 34. Kf2
Rxh1 35. Bf6 Rf1+ 36. Ke3 Rxg2 37. Nd3 Bxd3 38. Qc8+ Kh7 39. Qd7 Re1+ 40. Kxd3
Nf4+ 41. Kc3 Kg6 42. Qd6 Nxd5+ 43. Qxd5 Kxf6 44. Qd8+ Kg7 45. Qd4+ Kh7 46. Qf6
Rc1+ 47. Kb3 Rc7 48. Qxa6 Rg6 49. Qd3 Kg7 50. Qd4+ Kh7 51. Qd3 Rc6 52. a4 Rf6
53. Qe4 Kg7 54. Qd4 Kh7 55. Qe4 Kg7 56. Qd4 h5 57. Qe5 Kh6 58. Qe3+ Kh7 59. Qe4
Rb6+ 60. Kc4 Rc6+ 61. Kb4 Rb6+ 62. Kc5 Rf6 63. a5 Kg7 64. Qe5 Kh6 65. Qe4 Rg5+
66. Kb4 Rgf5 67. Qe3+ Kg7 68. Qg1+ Kh7 69. Qb1 h4 70. Qe4 Kg7 71. Qg4+ Kf8 72.
Kb3 Rxf3+ 73. Kb2 Rf2+ 74. Kb1 Rf1+ 75. Kb2 R1f2+ 76. Kb1 R6f4 77. Qc8+ Kg7 78.
a6 Rf1+ 79. Kb2 R4f2+ 80. Kb3 Rb1+ 81. Ka3 Ra1+ 82. Kb3 Rb1+ 83. Ka3 Ra1+ 84.
Kb3 Rfa2 85. Qg4+ Kf8 86. Qb4+ Ke8 87. Qb5+ Ke7 88. Qe5+ Kd7 89. Qd5+ Ke7 90.
Qe5+ Kd7 91. Qd5+ Ke7 92. Qe5+ Kd7 {Game drawn by repetition} 1/2-1/2

[Event "Team 45 45 League T63"]
[Site "Internet Chess Club"]
[Date "2015.01.09"]
[Round "6"]
[White "Holgate"]
[Black "JulianVerse"]
[Result "0-1"]
[WhiteElo "2019"]
[BlackElo "1952"]
[Opening "Sicilian: dragon, Yugoslav attack, Rauser variation"]
[ECO "B76"]
[Time "14:05:20"]
[TimeControl "2700+45"]

1. e4 c5 2. Nf3 d6 3. d4 cxd4 4. Nxd4 Nf6 5. Nc3 g6 6. Be3 Bg7 7. f3 O-O 8. Qd2
Nc6 9. O-O-O d5 10. Kb1 Rb8 11. Ndb5 a6 12. Na7 e6 13. g4 Qc7 14. g5 Nh5 15.
exd5 exd5 16. Nxd5 Qe5 17. Nf6+ Nxf6 18. Nxc6 bxc6 19. Bd4 Qxd4 20. Qxd4 Nd5 21.
Qc5 Bxb2 22. Bb5 Rxb5 23. Qxb5 Nc3+ {White resigns} 0-1

[Event "Team 45 45 League T63"]
[Site "Internet Chess Club"]
[Date "2015.01.10"]
[Round "6"]
[White "chess09"]
[Black "Tobiasdelmonte"]
[Result "0-1"]
[WhiteElo "1896"]
[BlackElo "1878"]
[Opening "QGD: Tarrasch defense"]
[ECO "D32"]
[Time "12:00:40"]
[TimeControl "2700+45"]

1. d4 d5 2. c4 e6 3. Nc3 c5 4. e3 Nf6 5. Nf3 Nc6 6. cxd5 exd5 7. Be2 Bd6 8. O-O
O-O 9. b3 Bg4 10. Bb2 Rc8 11. Rc1 cxd4 12. Nxd4 Bxe2 13. Ncxe2 Ng4 14. Nf3 Re8
15. h3 Nf6 16. Ned4 Qd7 17. Nxc6 bxc6 18. Bxf6 gxf6 19. Qd2 Qf5 20. Rc2 Kh8 21.
Nd4 Qe5 22. g3 c5 23. Nf3 Qf5 24. Kg2 Rg8 25. Rcc1 Rg6 26. Qc2 Qh5 27. Nh2 Rh6
28. h4 Rg8 29. Kh1 Rhg6 30. Qd1 Qe5 31. Qf3 d4 32. exd4 cxd4 33. Rfe1 Qa5 34.
Red1 Be5 35. a4 Qb6 36. Rc6 Qb4 37. Rc4 Qb6 38. Rc6 Qb4 39. Rdc1 Qd2 40. R6c2
Qh6 41. Rc8 Qd2 42. Nf1 Qh6 43. Nh2 Qd2 44. R8c2 Qb4 45. Qd5 d3 46. Qxd3 Bxg3
47. fxg3 Rxg3 48. Qf5 Qb7+ 49. Rc6 Qxc6+ 50. Rxc6 Rg1# {White checkmated} 0-1

[Event "Team 45 45 League T63"]
[Site "Internet Chess Club"]
[Date "2015.01.09"]
[Round "6"]
[White "f5"]
[Black "Gater-Nation"]
[Result "0-1"]
[WhiteElo "2081"]
[BlackElo "2029"]
[Opening "Sicilian: closed, 6.f4"]
[ECO "B25"]
[Time "15:05:03"]
[TimeControl "2700+45"]

1. e4 c5 2. Nc3 Nc6 3. g3 g6 4. Bg2 Bg7 5. d3 d6 6. f4 e6 7. Nf3 Nge7 8. O-O O-O
9. Be3 Nd4 10. e5 Nef5 11. Bf2 Nxf3+ 12. Qxf3 dxe5 13. Bxc5 Re8 14. fxe5 Bxe5
15. Ne2 Qc7 16. d4 Bg7 17. c3 e5 18. Rae1 exd4 19. cxd4 Be6 20. Qxb7 Qxb7 21.
Bxb7 Rab8 22. Bc6 Red8 23. Bxa7 Rxb2 24. a4 Bc4 25. Rf2 h5 26. a5 Rd6 27. d5
Bxd5 28. Bxd5 Rxd5 29. Nf4 Rxa5 30. Rxb2 Bxb2 31. Bf2 Nh6 32. Re8+ Kg7 33. Re2
Bc3 34. Rc2 Be5 35. Nd3 Bf6 36. Kg2 Ng4 37. Bg1 Rd5 38. Nf4 Rd7 39. Ne2 Be5 40.
Ra2 Rd3 41. Nc1 Rd1 42. Ne2 Bf6 43. Rc2 Rd7 44. Ra2 g5 45. Rc2 Nh6 46. h3 Nf5
47. Bf2 Rd3 48. Ra2 Nd6 49. Nc1 Rd1 50. Ne2 Nc4 51. Rc2 Nd6 52. Ra2 Ne4 53. Rc2
Nxf2 54. Kxf2 Be5 55. Ra2 f6 56. Kg2 Kg6 57. g4 Rd3 58. Ra4 Re3 59. Ra2 Rb3 60.
Ra4 Rd3 61. Rc4 Ra3 62. Re4 hxg4 63. hxg4 Rd3 64. Ra4 Kf7 65. Rc4 Ke6 66. Ra4
Kd5 67. Ra5+ Kc4 68. Ra4+ Kb5 69. Re4 Kc5 70. Ra4 Rb3 71. Re4 Ra3 72. Kf2 Rh3
73. Kg2 Rb3 74. Ra4 Kd5 75. Kf2 Rh3 76. Kg2 Rd3 77. Kf2 Bd6 78. Kg2 Be5 79. Kf2
Rb3 80. Kg2 Bd6 81. Rd4+ Ke5 82. Rc4 Rb2 83. Kf3 Kd5 84. Rd4+ Kc5 85. Ra4 Be5
86. Re4 Ra2 87. Re3 Ra4 88. Re4 Ra1 89. Kg2 Ra2 90. Kf3 Kd5 91. Rb4 Ra3+ 92. Kg2
Re3 93. Kf2 Re4 94. Rxe4 Kxe4 95. Kg2 Ke3 96. Nc1 Bc3 97. Kg3 Bb4 98. Nb3 Ke4
99. Kh3 Kd3 100. Kg3 Be1+ 101. Kf3 Bb4 102. Nc1+ Kc4 103. Ke4 Bd6 104. Nd3 Kc3
105. Ne1 Bc5 106. Nf3 Bb6 107. Nh2 Bc7 108. Nf1 Bf4 109. Ne3 Bxe3 110. Kxe3 Kc2
111. Ke4 Kd2 112. Kf5 Ke3 {White resigns} 0-1

[Event "Team 45 45 League T63"]
[Site "Internet Chess Club"]
[Date "2015.01.11"]
[Round "6"]
[White "Monterrey"]
[Black "primerpaso"]
[Result "1/2-1/2"]
[WhiteElo "2051"]
[BlackElo "1880"]
[Opening "Queen's pawn: Torre attack"]
[ECO "A46"]
[Time "19:01:11"]
[TimeControl "2700+45"]

1. d4 Nf6 2. Nf3 e6 3. Bg5 d5 4. e3 Be7 5. Bd3 O-O 6. Nbd2 Nbd7 7. Ne5 Nxe5 8.
dxe5 Nd7 9. Bf4 f5 10. c3 Qe8 11. h4 Nc5 12. Bc2 Qb5 13. Nb3 Nxb3 14. axb3 c5
15. g4 Qc6 16. gxf5 exf5 17. Rg1 Kh8 18. Qh5 Be6 19. O-O-O Qe8 20. Qf3 Rd8 21.
h5 Qf7 22. Bg5 Rd7 23. Bxe7 Rxe7 24. Qf4 Bd7 25. Rg5 Qe6 26. Rdg1 Rff7 27. Rg6
Qxe5 28. Qh4 Re6 29. R6g5 Qf6 30. Qf4 Qe5 31. Qh4 Rh6 32. Rxf5 Rxf5 33. Bxf5 Qe8
34. Bxd7 Qxd7 35. Qf4 Qe8 36. Rg5 Rf6 37. Qg3 Qf8 38. Rxd5 h6 39. f4 Qf7 40.
Rd8+ Kh7 41. Qf3 Qe7 42. Qd5 Qxe3+ 43. Kb1 Qe1+ 44. Kc2 Qe2+ 45. Kc1 {Game drawn
by mutual agreement} 1/2-1/2

[Event "Team 45 45 League T63"]
[Site "Internet Chess Club"]
[Date "2015.01.09"]
[Round "6"]
[White "VictorRed"]
[Black "zap2"]
[Result "1-0"]
[WhiteElo "1844"]
[BlackElo "1673"]
[Opening "Pirc defense"]
[ECO "B07"]
[Time "11:46:03"]
[TimeControl "2700+45"]

1. e4 d6 2. d4 Nf6 3. Nc3 e5 4. dxe5 dxe5 5. Qxd8+ Kxd8 6. Nf3 Bd6 7. Bg5 c6 8.
O-O-O Ke7 9. Bc4 Nd7 10. Bxf7 Bc5 11. Bb3 Bxf2 12. Rhf1 Bb6 13. Nh4 Nc5 14. Nf5+
Bxf5 15. Rxf5 Bc7 16. Rdf1 Nxb3+ 17. cxb3 Rhf8 18. Ne2 Ke6 19. Bxf6 Rxf6 20.
Rxf6+ gxf6 21. Ng3 Rg8 22. Kd2 h5 23. Rf2 Bb6 24. Re2 Bg1 25. Nf1 f5 26. exf5+
Kxf5 27. Ng3+ Ke6 28. Nxh5 Bxh2 29. g4 Bg1 30. Re4 Bh2 31. b4 b5 32. b3 Rd8+ 33.
Kc3 Rd7 34. Re2 Bg1 35. Nf4+ Kf7 36. Nd3 Bd4+ 37. Kc2 Rd5 38. a4 a6 39. Rh2 Kg6
40. Rh5 bxa4 41. bxa4 Kf6 42. Rh6+ Kg5 43. Rxc6 e4 44. Rxa6 Kxg4 45. Nc1 Kf3 46.
Re6 Be5 47. a5 Ke3 48. a6 Rd2+ 49. Kb3 Bd4 50. Re7 Rb2+ 51. Ka3 Rc2 52. Nb3 Bb2+
53. Ka4 Bf6 54. Re6 Bd8 55. Nc5 Rc4 56. a7 Bb6 57. Rxb6 Rxc5 58. bxc5 Kd2 59.
a8=Q e3 60. Re6 {Black resigns} 1-0

[Event "Team 45 45 League T63"]
[Site "Internet Chess Club"]
[Date "2015.01.13"]
[Round "6"]
[White "kabindra"]
[Black "frank001"]
[Result "1-0"]
[WhiteElo "1785"]
[BlackElo "1838"]
[Opening "French: Rubinstein variation"]
[ECO "C03"]
[Time "10:00:41"]
[TimeControl "2700+45"]

1. e4 e6 2. d4 d5 3. Nd2 dxe4 4. Nxe4 Nd7 5. f3 h6 6. Be3 Ngf6 7. Ng3 b6 8. Bd3
Bb7 9. c3 c5 10. N1e2 Be7 11. O-O O-O 12. Qd2 cxd4 13. cxd4 Re8 14. Rad1 Nf8 15.
h4 Nd5 16. Bf2 a6 17. h5 b5 18. a3 Rc8 19. Ne4 Qd7 20. N4c3 Nf6 21. Ng3 Red8 22.
Bb1 Bd6 23. Nce4 Be7 24. Nxf6+ Bxf6 25. Ne4 Be7 26. Qe3 Qd5 27. Nc3 Qxh5 28. Ne4
Nd7 29. Ng3 Qd5 30. Be4 {Black resigns} 1-0

[Event "Team 45 45 League T63"]
[Site "Internet Chess Club"]
[Date "2015.01.10"]
[Round "6"]
[White "searchforbobby1"]
[Black "NFork"]
[Result "0-1"]
[WhiteElo "2047"]
[BlackElo "2222"]
[Opening "Sicilian: closed, 6.f4"]
[ECO "B25"]
[Time "08:13:08"]
[TimeControl "2700+45"]

1. e4 c5 2. Nc3 Nc6 3. g3 g6 4. Bg2 Bg7 5. d3 d6 6. f4 e6 7. Nf3 Nge7 8. O-O Rb8
9. Be3 Nd4 10. e5 Nef5 11. Bf2 h5 12. Ne4 b6 13. exd6 Nxf3+ 14. Bxf3 Nxd6 15. c3
O-O 16. Qc2 Qc7 17. Rfe1 Rd8 18. Rad1 Bb7 19. Qe2 Ba6 20. Ng5 Qd7 21. Bxh5 gxh5
22. Qxh5 Bb7 23. d4 Qc6 24. d5 exd5 25. Qh7+ Kf8 26. Bd4 cxd4 27. Re6 dxc3 28.
Rg6 Qc5+ {White forfeits on time} 0-1

[Event "Team 45 45 League T63"]
[Site "Internet Chess Club"]
[Date "2015.01.10"]
[Round "6"]
[White "Magnus87"]
[Black "infiniteshug"]
[Result "1/2-1/2"]
[WhiteElo "2180"]
[BlackElo "2227"]
[Opening "King's Indian: East Indian defense"]
[ECO "A48"]
[Time "10:07:07"]
[TimeControl "2700+45"]

1. d4 Nf6 2. Nf3 g6 3. Nc3 d5 4. Bf4 Bg7 5. e3 O-O 6. Be2 Nh5 7. Be5 f6 8. Bg3
Nxg3 9. hxg3 c6 10. e4 Be6 11. Qd3 Nd7 12. O-O-O Bf7 13. Kb1 b5 14. g4 Nb6 15.
exd5 b4 16. Ne4 cxd5 17. Nc5 e5 18. Nd2 Qd6 19. Qh3 h6 20. Qg3 Qc6 21. f4 Rfc8
22. Bd3 e4 23. Ba6 Rc7 24. f5 g5 25. Bb5 Qxb5 26. Qxc7 Rc8 27. Qd6 e3 28. Nf3
Nc4 29. Qd7 Rxc5 30. Qd8+ Bf8 31. dxc5 Na3+ 32. Kc1 Qc4 33. bxa3 Qxa2 34. Qxf6
Bg7 35. Qd8+ Bf8 36. Qf6 Bg7 37. Qd8+ Bf8 38. Qf6 {Game drawn by repetition}
1/2-1/2

[Event "Team 45 45 League T63"]
[Site "Internet Chess Club"]
[Date "2015.01.10"]
[Round "6"]
[White "SlimeDog2"]
[Black "dafou"]
[Result "1-0"]
[WhiteElo "2034"]
[BlackElo "2026"]
[Opening "Benkö gambit: fianchetto variation"]
[ECO "A58"]
[Time "18:40:37"]
[TimeControl "2700+45"]

1. d4 Nf6 2. c4 c5 3. d5 b5 4. cxb5 a6 5. bxa6 g6 6. Nc3 Bxa6 7. Nf3 d6 8. g3
Bg7 9. Bg2 Nbd7 10. Rb1 O-O 11. O-O Qa5 12. Bd2 Bb7 13. Qc2 Qa7 14. e4 Ba6 15.
Rfd1 Ng4 16. h3 Nge5 17. Nxe5 Nxe5 18. Bc1 Rfb8 19. b3 c4 20. b4 Nd3 21. Be3 Qd7
22. b5 Rxb5 23. Nxb5 Bxb5 24. Rxb5 Qxb5 25. Rb1 Nb2 26. Bf1 Rxa2 27. Bxc4 Qxc4
28. Qxc4 {Black resigns} 1-0

[Event "Team 45 45 League T63"]
[Site "Internet Chess Club"]
[Date "2015.01.11"]
[Round "6"]
[White "Agarnez"]
[Black "junard"]
[Result "0-1"]
[WhiteElo "1905"]
[BlackElo "2039"]
[Opening "QGD Slav defense: exchange variation"]
[ECO "D10"]
[Time "01:13:23"]
[TimeControl "2700+45"]

1. d4 d5 2. c4 c6 3. cxd5 cxd5 4. Nc3 Nf6 5. Bf4 Nc6 6. e3 a6 7. Bd3 Bg4 8. Nge2
e6 9. h3 Bh5 10. O-O Be7 11. Rc1 O-O 12. a3 Rc8 13. Na4 b5 14. Nc5 Qb6 15. b4
Rfd8 16. Qc2 Bg6 17. Bxg6 hxg6 18. Nc3 Ne8 19. Rfd1 Nd6 20. Bxd6 Bxd6 21. g3 Be7
22. Qe2 Bf6 23. h4 Ne7 24. h5 gxh5 25. Qxh5 g6 26. Qh3 Kg7 27. Kg2 Nf5 28. Rh1
Nd6 29. Qh6+ Kg8 30. Nxe6 fxe6 31. Qxg6+ Bg7 32. Qxe6+ Kf8 33. Rh4 Qb7 34. Rch1
Nf7 35. Ne2 Qe7 36. Nf4 Ke8 37. Qxa6 Qe4+ 38. Kh2 Ng5 39. Rh5 Nf3+ 40. Kh3 Nxd4
41. exd4 Qxh1+ 42. Kg4 Qe4 43. Qxb5+ Rd7 44. Rxd5 Rd8 45. Rg5 Qxd4 46. Kh3 Kf7
47. Rf5+ Bf6 48. Qe2 Rh8+ 49. Kg2 Re7 50. Qa2+ Ke8 51. f3 Qd1 {White forfeits on
time} 0-1

[Event "Team 45 45 League T63"]
[Site "Internet Chess Club"]
[Date "2015.01.12"]
[Round "6"]
[White "Regista"]
[Black "mprincess07"]
[Result "1-0"]
[WhiteElo "2279"]
[BlackElo "2192"]
[Opening "English opening"]
[ECO "A05"]
[Time "18:39:23"]
[TimeControl "2700+45"]

1. Nf3 Nf6 2. c4 g6 3. g3 Bg7 4. Bg2 O-O 5. O-O d6 6. Nc3 Nc6 7. d3 e5 8. Rb1 a5
9. a3 h6 10. b4 axb4 11. axb4 Be6 12. b5 Ne7 13. Qb3 Nd7 14. Bb2 f5 15. Nd2 c6
16. Ra1 Nc5 17. Rxa8 Qxa8 18. Qb4 Qd8 19. Ra1 Qb6 20. Nb3 Nxb3 21. Qxb3 Rd8 22.
Qa3 Kf7 23. Qa7 Qxa7 24. Rxa7 Rd7 25. Na4 Nc8 26. bxc6 Nxa7 27. cxd7 Bxd7 28.
Bd5+ Ke7 29. Nb6 Bc6 30. Ba3 Bf8 31. e4 Kf6 32. Bxc6 Nxc6 33. Nd7+ Ke7 34. Nxf8
Kxf8 35. Bxd6+ Kf7 36. exf5 gxf5 37. f3 Ke6 38. Bf8 h5 39. Kf2 Nd4 40. Bc5 Nc6
41. Ke3 Nd8 42. Bf8 Nf7 43. Bb4 Nd8 44. Bc3 Nf7 45. f4 Nh6 46. fxe5 Ng4+ 47. Kf4
Nxh2 48. d4 Ng4 49. d5+ Ke7 50. Bb4+ Ke8 51. Kxf5 Ne3+ 52. Ke6 Nxc4 53. Bc5 b6
54. Bd4 b5 55. d6 b4 56. Kd5 Na5 57. e6 Nb7 58. Bf6 b3 59. d7+ Kf8 60. e7+ Kf7
61. e8=Q+ Kxf6 62. d8=Q+ {Black resigns} 1-0

[Event "Team 45 45 League T63"]
[Site "Internet Chess Club"]
[Date "2015.01.07"]
[Round "6"]
[White "gump12345"]
[Black "Barrett-CCSCSL"]
[Result "0-1"]
[WhiteElo "1994"]
[BlackElo "2135"]
[Opening "Caro-Kann: advance variation"]
[ECO "B12"]
[Time "22:26:48"]
[TimeControl "2700+45"]

1. e4 c6 2. d4 d5 3. e5 Bf5 4. Nf3 e6 5. Be2 Ne7 6. O-O Nc8 7. Be3 Nd7 8. c3 Be7
9. Nbd2 O-O 10. Ne1 f6 11. f4 fxe5 12. fxe5 c5 13. Nef3 Qc7 14. Rc1 Ncb6 15. b3
Rac8 16. Qe1 a5 17. Nb1 c4 18. Bg5 Bxg5 19. Nxg5 h6 20. Nf3 cxb3 21. axb3 Bxb1
22. Rxb1 Qxc3 23. Qf2 Qc2 24. Rfd1 a4 25. bxa4 Nxa4 26. Rxb7 Nc3 27. Re1 Ne4 28.
Qh4 Nxe5 29. Nxe5 Qd2 30. Nf3 Qe3+ 31. Kh1 Nf2+ 32. Kg1 Nd3+ 33. Kh1 Nf2+ 34.
Kg1 Ne4+ 35. Kh1 Rf4 36. Ba6 Nf2+ 37. Kg1 Nh3+ 38. Kh1 Rc1 39. Rb8+ Kh7 40. Qg3
Nf2+ 41. Qxf2 Qxf2 42. Bd3+ g6 43. Rxc1 Rxf3 44. Ba6 Rf7 45. Rb4 h5 46. Bc8 Qf1+
47. Rxf1 Rxf1# {White checkmated} 0-1

[Event "Team 45 45 League T63"]
[Site "Internet Chess Club"]
[Date "2015.01.11"]
[Round "6"]
[White "Pomberito"]
[Black "xwang1"]
[Result "0-1"]
[WhiteElo "2095"]
[BlackElo "2033"]
[Opening "Sicilian: Kan, Maróczy bind (Réti variation)"]
[ECO "B41"]
[Time "12:02:57"]
[TimeControl "2700+45"]

1. e4 c5 2. Nf3 e6 3. d4 cxd4 4. Nxd4 a6 5. c4 Nf6 6. Nc3 Bb4 7. Qd3 d5 8. cxd5
exd5 9. e5 Ne4 10. a3 Bc5 11. Be3 Nxc3 12. Qxc3 Bb6 13. Rc1 O-O 14. Bd3 Nd7 15.
f4 Nc5 16. Bb1 Ne4 17. Bxe4 dxe4 18. O-O Qd5 19. Rfd1 Bg4 20. Ne2 Qb5 21. Bxb6
Qxb6+ 22. Kf1 Rac8 23. Qd2 Rxc1 24. Rxc1 Rd8 25. Qc3 Qb5 26. Rc2 h6 27. h3 Rd1+
28. Kf2 Rd3 29. Qc4 e3+ 30. Ke1 Qd7 31. Rc1 Be6 32. Qc5 Qa4 33. Qc2 Qe4 34. Ng3
Qd5 35. Nf1 Bf5 36. Ng3 Bd7 37. Nf1 Bc6 38. Rd1 Rxd1+ 39. Qxd1 Qxd1+ 40. Kxd1
Bxg2 41. Nxe3 Bxh3 42. Ke2 Bd7 43. Kf3 f6 44. Ke4 Kf7 45. b4 h5 46. Nc4 Bc6+ 47.
Ke3 Ke6 48. exf6 gxf6 49. Nd2 Kd5 50. Ne4 Ke6 51. Nc5+ Kf5 52. a4 h4 53. b5 axb5
54. axb5 Bd5 55. Nd3 h3 56. Kf2 h2 {White resigns} 0-1

[Event "Team 45 45 League T63"]
[Site "Internet Chess Club"]
[Date "2015.01.10"]
[Round "6"]
[White "SaltofLife"]
[Black "CaptK"]
[Result "1-0"]
[WhiteElo "1958"]
[BlackElo "1725"]
[Opening "Sicilian: wing gambit, Carlsbad variation"]
[ECO "B20"]
[Time "15:31:04"]
[TimeControl "2700+45"]

1. e4 c5 2. b4 cxb4 3. a3 bxa3 4. Nxa3 Nc6 5. d4 e6 6. c3 d5 7. e5 Nge7 8. Nb5
Ng6 9. Nf3 Be7 10. Ba3 Bxa3 11. Rxa3 O-O 12. h4 f6 13. h5 Nge7 14. Bd3 fxe5 15.
dxe5 Qb6 16. Rb3 Nxe5 17. Nbd4 Nxf3+ 18. Nxf3 Qd6 19. c4 dxc4 20. Bxh7+ Kxh7 21.
Qxd6 cxb3 22. Qxe7 b2 23. Ke2 b6 24. h6 Ba6+ 25. Ke3 Rg8 {Black resigns} 1-0